[ AOE2 MATCH · #477656912 ]
UnrankedByzantines vs Mongols
[ REPLAY ANALYSIS · EXTRACTED FROM THE RECORDED GAME ]
Feudal
12:14
Castle
23:29
Imperial
—
| APM avg | 32.6 |
| APM peak | 64 |
| eAPM avg | 23.1 |
| Villagers / military | 69 / 19 |
Focus
⚔️ 20.7% · 🌾 79.3%
Fishing Ship ×11 · Archer ×7 · Monk ×6 · Militia ×6
Feudal
11:43
Castle
25:02
Imperial
—
| APM avg | 32.5 |
| APM peak | 78 |
| eAPM avg | 16.8 |
| Villagers / military | 61 / 0 |
Focus
⚔️ 7.8% · 🌾 92.2%
Feudal
10:58
Castle
14:43
Imperial
27:14
| APM avg | 31.4 |
| APM peak | 51 |
| eAPM avg | 17.6 |
| Villagers / military | 109 / 12 |
Focus
⚔️ 15.9% · 🌾 84.1%
Mangudai ×12 · Trade Cart ×2
Feudal
12:14
Castle
15:48
Imperial
—
| APM avg | 49.3 |
| APM peak | 84 |
| eAPM avg | 25.6 |
| Villagers / military | 121 / 16 |
Focus
⚔️ 16.3% · 🌾 83.7%
Monk ×7 · Fishing Ship ×6 · Knight ×4 · Battering Ram ×4 · Spearman ×1
Feudal
10:20
Castle
—
Imperial
—
| APM avg | 62.6 |
| APM peak | 93 |
| eAPM avg | 31.8 |
| Villagers / military | 63 / 25 |
Focus
⚔️ 13.8% · 🌾 86.2%
Archer ×20 · Militia ×5
Feudal
13:30
Castle
17:00
Imperial
—
| APM avg | 24.1 |
| APM peak | 47 |
| eAPM avg | 14.8 |
| Villagers / military | 44 / 32 |
Focus
⚔️ 17.3% · 🌾 82.7%
Scorpion ×27 · Fishing Ship ×12 · Battering Ram ×5
Feudal
12:17
Castle
16:39
Imperial
—
| APM avg | 35.0 |
| APM peak | 64 |
| eAPM avg | 19.7 |
| Villagers / military | 87 / 20 |
Focus
⚔️ 20.7% · 🌾 79.3%
Fishing Ship ×12 · Camel Scout ×8 · Knight ×5 · Mangonel ×4 · Scout Cavalry ×2 · Demolition Raft ×1
Feudal
14:09
Castle
21:28
Imperial
—
| APM avg | 55.8 |
| APM peak | 108 |
| eAPM avg | 29.4 |
| Villagers / military | 46 / 16 |
Focus
⚔️ 26.2% · 🌾 73.8%
Knight ×14 · Monk ×1 · Scout Cavalry ×1
Match map
Initial resources + every placement click. Lines = walls · curves = elevation contours. ◆ gold · ⬟ stone · ● berries · ✦ relic · ◌ wall gap
Your base· Open — opponent sealed themselves in
freedom is not free's base· Open — opponent sealed themselves in
Schafzuchter's base· ✓ Closed at 14:43 · 0t walls · fragile
goldenseed's base· ✓ Closed at 15:48 · 0t walls · fragile
busy pushing deer's base· ✓ Closed at 26:27 · 23t walls · 3 gate(s)
Herby's base· ✓ Closed at 17:00 · 0t walls · no gate
果酱汁鸡's base· Open — opponent sealed themselves in
Menti Mentas's base· ✓ Closed at 21:28 · 97t walls · no gate
Smoothed initial terrain · ◌ = detected wall gap · hover for details
Inputs per minute
— Rookie - - freedom is not free
Build order — Rookie
First 150 of 163 actions detected
| 0:01 | Queue | Villager (Male) |
| 0:01 | Queue | Villager (Male) |
| 0:01 | Queue | Villager (Male) |
| 0:03 | Build | House |
| 0:04 | Build | House |
| 0:21 | Research | Loom |
| 1:05 | Queue | Villager (Male) |
| 1:43 | Queue | Villager (Male) |
| 1:56 | Build | Palisade Wall |
| 1:58 | Queue | Villager (Male) |
| 1:58 | Queue | Villager (Male) |
| 2:46 | Queue | Villager (Male) |
| 3:07 | Queue | Villager (Male) |
| 3:07 | Queue | Villager (Male) |
| 3:07 | Queue | Villager (Male) |
| 3:07 | Queue | Villager (Male) |
| 3:19 | Build | Lumber Camp |
| 3:36 | Queue | Villager (Male) |
| 3:36 | Queue | Villager (Male) |
| 3:36 | Queue | Villager (Male) |
| 3:36 | Queue | Villager (Male) |
| 3:58 | Queue | Villager (Male) |
| 3:58 | Queue | Villager (Male) |
| 3:58 | Queue | Villager (Male) |
| 3:58 | Queue | Villager (Male) |
| 4:23 | Queue | Villager (Male) |
| 4:23 | Queue | Villager (Male) |
| 4:23 | Queue | Villager (Male) |
| 4:23 | Queue | Villager (Male) |
| 4:37 | Build | House |
| 4:49 | Queue | Villager (Male) |
| 4:49 | Queue | Villager (Male) |
| 4:49 | Queue | Villager (Male) |
| 4:49 | Queue | Villager (Male) |
| 5:11 | Queue | Villager (Male) |
| 5:11 | Queue | Villager (Male) |
| 5:11 | Queue | Villager (Male) |
| 5:35 | Queue | Villager (Male) |
| 5:35 | Queue | Villager (Male) |
| 5:35 | Queue | Villager (Male) |
| 5:50 | Queue | Villager (Male) |
| 6:11 | Build | House |
| 6:12 | Build | House |
| 6:24 | Queue | Villager (Male) |
| 6:51 | Queue | Villager (Male) |
| 7:03 | Build | Barracks |
| 7:23 | Queue | Villager (Male) |
| 7:23 | Queue | Villager (Male) |
| 7:44 | Queue | Villager (Male) |
| 8:11 | Queue | Villager (Male) |
| 8:11 | Queue | Villager (Male) |
| 8:17 | Build | Mining Camp |
| 8:55 | Queue | Villager (Male) |
| 9:24 | Queue | Villager (Male) |
| 9:50 | Build | Dock |
| 10:04 | Research | Feudal Age |
| 10:04 | Research | Feudal Age |
| 10:49 | Queue | Fishing Ship |
| 10:49 | Queue | Fishing Ship |
| 10:49 | Queue | Fishing Ship |
| 10:55 | Build | Outpost |
| 11:18 | Queue | Militia |
| 11:19 | Queue | Militia |
| 11:19 | Queue | Militia |
| 11:47 | Build | Outpost |
| 11:51 | Queue | Villager (Male) |
| 12:05 | Build | Mill |
| 12:14 | Age | Feudal Age |
| 12:21 | Queue | Villager (Male) |
| 12:41 | Build | Archery Range |
| 12:46 | Build | House |
| 13:01 | Queue | Villager (Male) |
| 13:01 | Queue | Villager (Male) |
| 13:10 | Build | House |
| 13:11 | Build | House |
| 13:19 | Queue | Villager (Male) |
| 13:22 | Research | Double-Bit Axe |
| 13:29 | Queue | Villager (Male) |
| 13:34 | Queue | Archer |
| 13:34 | Queue | Archer |
| 13:34 | Queue | Archer |
| 13:40 | Queue | Archer |
| 13:40 | Queue | Archer |
| 13:48 | Queue | Villager (Male) |
| 13:48 | Queue | Villager (Male) |
| 14:08 | Queue | Villager (Male) |
| 14:12 | Build | Lumber Camp |
| 14:25 | Queue | Archer |
| 14:41 | Research | Man-at-Arms (upgrade) |
| 14:45 | Research | Tech 906 |
| 14:57 | Queue | Fishing Ship |
| 15:10 | Queue | Villager (Male) |
| 15:11 | Queue | Villager (Male) |
| 15:22 | Build | Dock |
| 15:34 | Queue | Archer |
| 15:41 | Research | Wheelbarrow |
| 15:57 | Queue | Villager (Male) |
| 15:57 | Queue | Villager (Male) |
| 15:57 | Queue | Villager (Male) |
| 16:15 | Queue | Fishing Ship |
| 16:16 | Queue | Fishing Ship |
| 16:20 | Queue | Villager (Male) |
| 16:24 | Build | Farm |
| 16:24 | Build | Farm |
| 16:37 | Build | Farm |
| 16:38 | Build | Farm |
| 16:38 | Build | Farm |
| 16:39 | Build | Farm |
| 16:41 | Research | Horse Collar |
| 16:57 | Build | Farm |
| 17:03 | Build | Fish Trap |
| 17:08 | Build | House |
| 17:09 | Build | House |
| 17:10 | Build | House |
| 17:11 | Build | House |
| 17:13 | Queue | Villager (Male) |
| 17:14 | Queue | Villager (Male) |
| 17:18 | Queue | Fishing Ship |
| 17:19 | Queue | Fishing Ship |
| 17:29 | Build | Lumber Camp |
| 17:46 | Build | Fish Trap |
| 17:48 | Queue | Fishing Ship |
| 17:49 | Queue | Fishing Ship |
| 17:51 | Queue | Villager (Male) |
| 17:51 | Queue | Villager (Male) |
| 18:12 | Build | Fish Trap |
| 18:16 | Queue | Fishing Ship |
| 18:23 | Build | Fish Trap |
| 18:45 | Build | Fish Trap |
| 18:47 | Queue | Villager (Male) |
| 18:51 | Build | Market |
| 19:19 | Build | Watch Tower |
| 20:30 | Queue | Militia |
| 20:31 | Queue | Militia |
| 20:31 | Queue | Militia |
| 20:41 | Build | House |
| 20:49 | Research | Castle Age |
| 21:10 | Research | Gold Mining |
| 21:16 | Build | House |
| 21:23 | Build | Watch Tower |
| 21:29 | Build | Blacksmith |
| 21:46 | Queue | Villager (Male) |
| 21:46 | Queue | Villager (Male) |
| 21:47 | Queue | Villager (Male) |
| 21:52 | Build | Mining Camp |
| 22:00 | Build | Fish Trap |
| 22:47 | Queue | Villager (Male) |
| 22:52 | Build | Mining Camp |
| 22:55 | Queue | Villager (Male) |
| 23:01 | Build | House |
Build order — freedom is not free
148 actions detected in the replay
| 0:01 | Queue | Villager (Male) |
| 0:02 | Queue | Villager (Male) |
| 0:03 | Build | House |
| 0:04 | Build | House |
| 0:27 | Queue | Villager (Male) |
| 0:27 | Queue | Villager (Male) |
| 0:27 | Queue | Villager (Male) |
| 1:03 | Research | Loom |
| 1:04 | Queue | Villager (Male) |
| 1:04 | Queue | Villager (Male) |
| 1:40 | Queue | Villager (Male) |
| 2:06 | Build | Palisade Wall |
| 2:30 | Queue | Villager (Male) |
| 3:00 | Queue | Villager (Male) |
| 3:28 | Build | Lumber Camp |
| 3:34 | Queue | Villager (Male) |
| 3:50 | Queue | Villager (Male) |
| 3:51 | Queue | Villager (Male) |
| 4:27 | Queue | Villager (Male) |
| 4:43 | Build | House |
| 4:48 | Queue | Villager (Male) |
| 5:09 | Queue | Villager (Male) |
| 5:10 | Queue | Villager (Male) |
| 5:28 | Build | Palisade Wall |
| 5:45 | Queue | Villager (Male) |
| 5:45 | Queue | Villager (Male) |
| 6:04 | Queue | Villager (Male) |
| 6:14 | Build | House |
| 6:25 | Queue | Villager (Male) |
| 6:37 | Queue | Villager (Male) |
| 6:37 | Queue | Villager (Male) |
| 6:45 | Queue | Villager (Male) |
| 6:45 | Queue | Villager (Male) |
| 7:24 | Build | Mill |
| 7:35 | Build | Palisade Wall |
| 7:39 | Queue | Villager (Male) |
| 7:39 | Queue | Villager (Male) |
| 8:36 | Queue | Villager (Male) |
| 8:36 | Queue | Villager (Male) |
| 8:54 | Build | Palisade Wall |
| 8:57 | Build | Palisade Wall |
| 9:11 | Build | House |
| 9:33 | Research | Feudal Age |
| 9:33 | Research | Feudal Age |
| 9:56 | Build | House |
| 10:05 | Build | Outpost |
| 10:20 | Queue | Villager (Male) |
| 10:40 | Build | Outpost |
| 10:49 | Build | Palisade Wall |
| 11:04 | Build | Mining Camp |
| 11:21 | Build | House |
| 11:35 | Queue | Villager (Male) |
| 11:35 | Queue | Villager (Male) |
| 11:43 | Age | Feudal Age |
| 11:46 | Build | Mining Camp |
| 11:56 | Build | Stone Wall |
| 12:07 | Build | Stone Wall |
| 12:27 | Queue | Villager (Male) |
| 12:34 | Research | Double-Bit Axe |
| 12:56 | Build | Stone Wall |
| 13:29 | Build | Lumber Camp |
| 13:33 | Research | Wheelbarrow |
| 14:15 | Build | Stone Wall |
| 14:22 | Build | Gate |
| 14:30 | Queue | Villager (Male) |
| 14:31 | Queue | Villager (Male) |
| 14:36 | Build | Lumber Camp |
| 14:40 | Research | Horse Collar |
| 14:55 | Build | Watch Tower |
| 16:22 | Build | Watch Tower |
| 16:25 | Research | Town Watch |
| 16:26 | Queue | Villager (Male) |
| 16:26 | Queue | Villager (Male) |
| 16:27 | Queue | Villager (Male) |
| 16:32 | Build | Lumber Camp |
| 16:41 | Build | Farm |
| 16:43 | Build | Farm |
| 16:43 | Build | Farm |
| 16:45 | Build | Farm |
| 16:47 | Build | Farm |
| 16:48 | Build | Farm |
| 17:19 | Build | Farm |
| 17:20 | Build | Farm |
| 17:21 | Build | Farm |
| 17:38 | Queue | Villager (Male) |
| 17:45 | Build | Farm |
| 18:09 | Queue | Villager (Male) |
| 18:09 | Queue | Villager (Male) |
| 18:15 | Build | Farm |
| 18:25 | Build | House |
| 18:26 | Build | House |
| 18:36 | Build | Market |
| 18:52 | Queue | Villager (Male) |
| 18:53 | Queue | Villager (Male) |
| 19:13 | Queue | Villager (Male) |
| 19:13 | Queue | Villager (Male) |
| 19:25 | Build | Farm |
| 19:26 | Build | Farm |
| 19:29 | Build | Farm |
| 19:31 | Build | Farm |
| 19:32 | Build | Farm |
| 19:34 | Build | Farm |
| 19:36 | Build | Farm |
| 19:39 | Build | Mill |
| 19:56 | Build | Farm |
| 19:57 | Build | Farm |
| 19:58 | Build | Farm |
| 20:03 | Build | Farm |
| 20:26 | Build | Mill |
| 20:32 | Queue | Villager (Male) |
| 20:32 | Queue | Villager (Male) |
| 20:37 | Build | Farm |
| 20:44 | Build | Farm |
| 20:52 | Build | Farm |
| 21:24 | Queue | Villager (Male) |
| 21:24 | Queue | Villager (Male) |
| 21:29 | Build | Blacksmith |
| 21:37 | Build | House |
| 21:38 | Build | House |
| 22:22 | Research | Castle Age |
| 22:57 | Build | House |
| 22:58 | Build | House |
| 23:00 | Build | House |
| 23:01 | Build | House |
| 23:02 | Build | House |
| 23:03 | Build | House |
| 24:20 | Queue | Villager (Male) |
| 24:20 | Queue | Villager (Male) |
| 25:02 | Age | Castle Age |
| 25:10 | Build | Town Center |
| 25:18 | Build | Town Center |
| 25:24 | Research | Bow Saw |
| 25:25 | Research | Heavy Plow |
| 25:39 | Queue | Villager (Male) |
| 25:39 | Queue | Villager (Male) |
| 25:43 | Research | Hand Cart |
| 26:03 | Queue | Villager (Male) |
| 26:03 | Queue | Villager (Male) |
| 26:09 | Build | House |
| 26:10 | Build | House |
| 26:11 | Build | House |
| 26:12 | Build | House |
| 26:20 | Queue | Villager (Male) |
| 26:21 | Queue | Villager (Male) |
| 26:24 | Queue | Villager (Male) |
| 26:24 | Queue | Villager (Male) |
| 26:24 | Queue | Villager (Male) |
| 26:25 | Queue | Villager (Male) |
Build order — Schafzuchter
First 150 of 216 actions detected
| 0:02 | Queue | Villager (Male) ×4 |
| 0:02 | Build | House |
| 0:04 | Build | House |
| 1:32 | Queue | Villager (Male) |
| 1:32 | Queue | Villager (Male) |
| 2:07 | Queue | Villager (Male) |
| 2:07 | Queue | Villager (Male) |
| 2:24 | Queue | Villager (Male) |
| 2:24 | Queue | Villager (Male) |
| 2:24 | Queue | Villager (Male) |
| 2:26 | Build | Lumber Camp |
| 2:54 | Queue | Villager (Male) |
| 2:54 | Queue | Villager (Male) |
| 3:11 | Queue | Villager (Male) |
| 3:11 | Queue | Villager (Male) |
| 3:43 | Queue | Villager (Male) |
| 3:43 | Queue | Villager (Male) |
| 3:43 | Queue | Villager (Male) |
| 4:10 | Build | House |
| 4:11 | Queue | Villager (Male) |
| 4:11 | Queue | Villager (Male) |
| 4:31 | Queue | Villager (Male) |
| 4:51 | Build | Mill |
| 4:58 | Queue | Villager (Male) |
| 4:59 | Queue | Villager (Male) |
| 5:14 | Queue | Villager (Male) |
| 5:15 | Queue | Villager (Male) |
| 5:46 | Queue | Villager (Male) |
| 5:48 | Build | House |
| 6:10 | Queue | Villager (Male) |
| 6:32 | Queue | Villager (Male) |
| 7:01 | Queue | Villager (Male) |
| 7:20 | Research | Loom |
| 7:57 | Queue | Villager (Male) |
| 8:03 | Queue | Villager (Male) |
| 8:45 | Research | Feudal Age |
| 8:56 | Build | Mining Camp |
| 9:42 | Build | House |
| 10:12 | Build | Mining Camp |
| 10:45 | Queue | Villager (Male) |
| 10:58 | Age | Feudal Age |
| 10:59 | Build | Market |
| 11:05 | Build | Blacksmith |
| 11:12 | Queue | Villager (Male) |
| 11:17 | Build | Lumber Camp |
| 12:03 | Research | Castle Age |
| 12:04 | Research | Castle Age |
| 12:19 | Research | Double-Bit Axe |
| 12:19 | Research | Double-Bit Axe |
| 12:33 | Research | Horse Collar |
| 12:33 | Research | Horse Collar |
| 12:41 | Build | Farm |
| 12:45 | Build | House |
| 14:18 | Queue | Villager (Male) |
| 14:23 | Build | Farm |
| 14:43 | Age | Castle Age |
| 14:45 | Build | Town Center |
| 14:49 | Research | Bow Saw |
| 14:57 | Queue | Villager (Male) |
| 15:27 | Queue | Villager (Male) |
| 15:35 | Build | Farm |
| 15:43 | Build | Farm |
| 15:55 | Queue | Villager (Male) |
| 15:59 | Build | Farm |
| 16:08 | Build | Town Center |
| 16:22 | Queue | Villager (Male) |
| 16:22 | Queue | Villager (Male) |
| 16:26 | Build | Farm |
| 16:27 | Build | Farm |
| 16:29 | Queue | Villager (Male) |
| 16:31 | Build | Farm |
| 16:43 | Queue | Villager (Male) |
| 16:43 | Queue | Villager (Male) |
| 16:56 | Queue | Villager (Male) |
| 17:00 | Build | Farm |
| 17:08 | Build | Farm |
| 17:10 | Build | Farm |
| 17:18 | Queue | Villager (Male) |
| 17:18 | Queue | Villager (Male) |
| 17:21 | Build | Farm |
| 17:34 | Build | Farm |
| 17:37 | Build | Farm |
| 17:38 | Queue | Villager (Male) |
| 17:46 | Queue | Villager (Male) |
| 17:46 | Queue | Villager (Male) |
| 17:52 | Queue | Villager (Male) |
| 17:52 | Queue | Villager (Male) |
| 17:52 | Queue | Villager (Male) |
| 18:02 | Build | Farm |
| 18:05 | Queue | Villager (Male) |
| 18:12 | Queue | Villager (Male) |
| 18:14 | Build | Farm |
| 18:21 | Queue | Villager (Male) |
| 18:21 | Queue | Villager (Male) |
| 18:24 | Build | House |
| 18:28 | Build | Farm |
| 18:32 | Build | Farm |
| 18:32 | Queue | Villager (Male) |
| 18:35 | Build | Farm |
| 18:44 | Queue | Villager (Male) |
| 18:55 | Queue | Villager (Male) |
| 18:55 | Queue | Villager (Male) |
| 19:02 | Queue | Villager (Male) |
| 19:04 | Build | House |
| 19:08 | Build | Farm |
| 19:10 | Build | Farm |
| 19:12 | Build | Farm |
| 19:13 | Queue | Villager (Male) |
| 19:16 | Queue | Villager (Male) |
| 19:26 | Build | Farm |
| 19:32 | Queue | Villager (Male) |
| 19:38 | Queue | Villager (Male) |
| 19:42 | Queue | Villager (Male) |
| 19:46 | Build | House |
| 19:47 | Build | House |
| 19:48 | Queue | Villager (Male) |
| 19:55 | Build | Farm |
| 19:59 | Queue | Villager (Male) |
| 20:02 | Queue | Villager (Male) |
| 20:04 | Build | Farm |
| 20:06 | Build | Farm |
| 20:08 | Queue | Villager (Male) |
| 20:14 | Queue | Villager (Male) |
| 20:14 | Queue | Villager (Male) |
| 20:23 | Build | Castle |
| 20:24 | Queue | Villager (Male) |
| 20:30 | Queue | Villager (Male) |
| 20:31 | Build | Farm |
| 20:33 | Build | House |
| 20:40 | Research | Wheelbarrow |
| 20:40 | Research | Town Watch |
| 20:50 | Research | Gold Mining |
| 20:58 | Queue | Villager (Male) |
| 20:59 | Build | Farm |
| 21:03 | Queue | Villager (Male) |
| 21:15 | Queue | Villager (Male) |
| 21:34 | Queue | Villager (Male) |
| 21:37 | Build | House |
| 21:37 | Build | House |
| 21:38 | Queue | Villager (Male) |
| 21:40 | Research | Stone Mining |
| 21:48 | Queue | Villager (Male) |
| 21:50 | Build | Farm |
| 21:57 | Queue | Villager (Male) |
| 22:03 | Queue | Villager (Male) |
| 22:13 | Queue | Villager (Male) |
| 22:14 | Queue | Mangudai |
| 22:19 | Queue | Villager (Male) |
| 22:28 | Queue | Villager (Male) |
| 22:32 | Queue | Villager (Male) |
Build order — goldenseed
First 150 of 221 actions detected
| 0:10 | Queue | Villager (Male) |
| 0:10 | Queue | Villager (Male) |
| 0:11 | Build | House |
| 0:12 | Build | House |
| 0:26 | Queue | Villager (Male) |
| 0:27 | Queue | Villager (Male) |
| 0:27 | Queue | Villager (Male) |
| 1:57 | Queue | Villager (Male) |
| 1:57 | Queue | Villager (Male) |
| 2:23 | Queue | Villager (Male) |
| 2:24 | Queue | Villager (Male) |
| 2:27 | Build | Lumber Camp |
| 2:36 | Queue | Villager (Male) |
| 2:36 | Queue | Villager (Male) |
| 3:21 | Queue | Villager (Male) |
| 3:21 | Queue | Villager (Male) |
| 3:24 | Queue | Villager (Male) |
| 3:24 | Queue | Villager (Male) |
| 3:38 | Build | House |
| 3:38 | Build | House |
| 4:11 | Queue | Villager (Male) |
| 4:11 | Queue | Villager (Male) |
| 4:42 | Build | House |
| 4:48 | Queue | Villager (Male) |
| 4:49 | Queue | Villager (Male) |
| 5:09 | Queue | Villager (Male) |
| 5:09 | Queue | Villager (Male) |
| 5:37 | Queue | Villager (Male) |
| 5:41 | Queue | Villager (Male) |
| 6:03 | Queue | Villager (Male) |
| 6:17 | Build | Dock |
| 6:27 | Queue | Villager (Male) |
| 6:37 | Research | Loom |
| 6:38 | Queue | Villager (Male) |
| 6:59 | Queue | Fishing Ship |
| 7:07 | Build | House |
| 7:22 | Queue | Villager (Male) |
| 7:32 | Queue | Villager (Male) |
| 7:40 | Queue | Fishing Ship |
| 7:55 | Queue | Villager (Male) |
| 8:00 | Build | Mill |
| 8:09 | Queue | Villager (Male) |
| 8:34 | Queue | Villager (Male) |
| 8:37 | Queue | Villager (Male) |
| 9:03 | Queue | Fishing Ship |
| 9:04 | Queue | Villager (Male) |
| 9:31 | Build | Mining Camp |
| 10:04 | Research | Feudal Age |
| 10:04 | Research | Feudal Age |
| 10:25 | Queue | Fishing Ship |
| 11:40 | Queue | Villager (Male) |
| 11:40 | Queue | Villager (Male) |
| 12:14 | Age | Feudal Age |
| 12:17 | Build | Market |
| 12:20 | Build | Blacksmith |
| 13:08 | Research | Castle Age |
| 13:08 | Research | Castle Age |
| 13:17 | Build | House |
| 14:30 | Build | Barracks |
| 14:49 | Queue | Villager (Male) |
| 15:06 | Research | Double-Bit Axe |
| 15:10 | Build | Stable |
| 15:16 | Queue | Villager (Male) |
| 15:44 | Research | Bloodlines |
| 15:46 | Research | Scale Barding Armor |
| 15:48 | Age | Castle Age |
| 15:49 | Queue | Villager (Male) |
| 16:13 | Build | Monastery |
| 16:18 | Queue | Knight |
| 16:20 | Queue | Villager (Male) |
| 16:26 | Queue | Fishing Ship |
| 16:33 | Build | Fish Trap |
| 16:48 | Queue | Villager (Male) |
| 16:50 | Queue | Villager (Male) |
| 16:54 | Queue | Knight |
| 17:14 | Queue | Monk |
| 17:14 | Queue | Monk |
| 17:15 | Queue | Villager (Male) |
| 17:16 | Queue | Villager (Male) |
| 17:18 | Build | House |
| 17:19 | Queue | Villager (Male) |
| 17:31 | Build | Farm |
| 17:32 | Build | Farm |
| 17:33 | Build | Farm |
| 17:35 | Build | Farm |
| 17:36 | Build | Farm |
| 17:38 | Queue | Villager (Male) |
| 17:38 | Queue | Villager (Male) |
| 17:48 | Build | House |
| 18:08 | Queue | Villager (Male) |
| 18:13 | Queue | Villager (Male) |
| 18:14 | Queue | Monk |
| 18:16 | Queue | Villager (Male) |
| 18:16 | Queue | Villager (Male) |
| 18:20 | Build | Farm |
| 18:21 | Build | Farm |
| 18:25 | Queue | Spearman |
| 18:29 | Queue | Knight |
| 18:33 | Build | House |
| 18:33 | Queue | Villager (Male) |
| 18:34 | Queue | Villager (Male) |
| 18:42 | Queue | Villager (Male) |
| 18:43 | Queue | Villager (Male) |
| 18:45 | Build | Farm |
| 19:09 | Queue | Villager (Male) |
| 19:32 | Queue | Villager (Male) |
| 19:32 | Queue | Villager (Male) |
| 19:37 | Build | Fish Trap |
| 19:37 | Build | Fish Trap |
| 19:38 | Build | Fish Trap |
| 19:40 | Queue | Villager (Male) |
| 19:45 | Queue | Villager (Male) |
| 19:45 | Queue | Villager (Male) |
| 19:51 | Queue | Villager (Male) |
| 20:00 | Build | House |
| 20:02 | Queue | Villager (Male) |
| 20:02 | Queue | Villager (Male) |
| 20:11 | Queue | Villager (Male) |
| 20:12 | Build | Town Center |
| 20:12 | Queue | Villager (Male) |
| 20:15 | Queue | Villager (Male) |
| 20:21 | Queue | Villager (Male) |
| 20:25 | Queue | Knight |
| 20:38 | Queue | Villager (Male) |
| 20:38 | Queue | Villager (Male) |
| 20:43 | Queue | Villager (Male) |
| 20:54 | Queue | Villager (Male) |
| 20:58 | Build | Farm |
| 20:58 | Build | Farm |
| 20:58 | Build | Farm |
| 20:59 | Queue | Villager (Male) |
| 21:12 | Queue | Monk |
| 21:18 | Build | House |
| 21:18 | Queue | Villager (Male) |
| 21:23 | Queue | Monk |
| 21:43 | Queue | Villager (Male) |
| 21:49 | Queue | Monk |
| 21:52 | Queue | Villager (Male) |
| 21:53 | Queue | Villager (Male) |
| 21:54 | Queue | Villager (Male) |
| 21:56 | Build | House |
| 22:04 | Queue | Villager (Male) |
| 22:08 | Build | Siege Workshop |
| 22:09 | Queue | Villager (Male) |
| 22:23 | Queue | Villager (Male) |
| 22:27 | Queue | Villager (Male) |
| 22:35 | Research | Sanctity |
| 22:35 | Research | Sanctity |
| 22:35 | Queue | Villager (Male) |
| 22:36 | Queue | Villager (Male) |
Build order — busy pushing deer
First 150 of 166 actions detected
| 0:01 | Queue | Villager (Male) |
| 0:02 | Queue | Villager (Male) |
| 0:02 | Queue | Villager (Male) |
| 0:03 | Build | House |
| 0:04 | Build | House |
| 0:12 | Queue | Villager (Male) |
| 0:12 | Queue | Villager (Male) |
| 0:13 | Queue | Villager (Male) |
| 1:20 | Queue | Villager (Male) |
| 1:20 | Queue | Villager (Male) |
| 1:21 | Queue | Villager (Male) |
| 2:23 | Queue | Villager (Male) |
| 2:23 | Queue | Villager (Male) |
| 2:42 | Build | Lumber Camp |
| 3:10 | Queue | Villager (Male) |
| 3:11 | Queue | Villager (Male) |
| 3:11 | Queue | Villager (Male) |
| 3:20 | Build | House |
| 3:39 | Queue | Villager (Male) |
| 3:39 | Queue | Villager (Male) |
| 3:40 | Queue | Villager (Male) |
| 4:10 | Queue | Villager (Male) |
| 4:10 | Queue | Villager (Male) |
| 4:35 | Queue | Villager (Male) |
| 4:35 | Queue | Villager (Male) |
| 5:06 | Queue | Villager (Male) |
| 5:06 | Queue | Villager (Male) |
| 5:17 | Queue | Villager (Male) |
| 5:18 | Queue | Villager (Male) |
| 5:28 | Queue | Villager (Male) |
| 5:28 | Queue | Villager (Male) |
| 5:28 | Queue | Villager (Male) |
| 5:47 | Queue | Villager (Male) |
| 5:47 | Queue | Villager (Male) |
| 6:10 | Build | Barracks |
| 6:16 | Queue | Villager (Male) |
| 6:30 | Queue | Villager (Male) |
| 6:30 | Queue | Villager (Male) |
| 6:30 | Queue | Villager (Male) |
| 6:50 | Build | House |
| 7:19 | Research | Loom |
| 7:51 | Build | Mining Camp |
| 8:10 | Research | Feudal Age |
| 8:13 | Build | Mill |
| 8:29 | Queue | Militia |
| 8:33 | Build | House |
| 8:51 | Queue | Militia |
| 9:11 | Queue | Militia |
| 9:39 | Queue | Militia |
| 9:54 | Queue | Militia |
| 9:58 | Build | House |
| 10:12 | Queue | Villager (Male) |
| 10:20 | Age | Feudal Age |
| 10:22 | Build | Archery Range |
| 10:39 | Research | Man-at-Arms (upgrade) |
| 10:54 | Queue | Villager (Male) |
| 11:22 | Queue | Villager (Male) |
| 11:41 | Queue | Archer |
| 11:45 | Research | Arson |
| 11:54 | Queue | Villager (Male) |
| 12:18 | Build | Watch Tower |
| 12:20 | Queue | Villager (Male) |
| 12:28 | Queue | Archer |
| 12:35 | Queue | Villager (Male) |
| 12:42 | Queue | Archer |
| 12:54 | Build | Mining Camp |
| 12:56 | Queue | Villager (Male) |
| 13:12 | Build | Blacksmith |
| 13:34 | Queue | Archer |
| 13:38 | Queue | Villager (Male) |
| 13:45 | Build | House |
| 13:45 | Build | House |
| 14:06 | Queue | Villager (Male) |
| 14:11 | Research | Wheelbarrow |
| 14:14 | Build | House |
| 14:44 | Queue | Villager (Male) |
| 15:05 | Queue | Villager (Male) |
| 15:31 | Build | Stone Wall |
| 15:32 | Build | Gate |
| 15:49 | Queue | Villager (Male) |
| 16:06 | Queue | Villager (Male) |
| 16:08 | Build | Farm |
| 16:17 | Build | Stone Wall |
| 16:20 | Build | Stone Wall |
| 16:21 | Build | Gate |
| 16:24 | Queue | Archer |
| 16:29 | Build | Farm |
| 16:39 | Research | Fletching |
| 17:24 | Queue | Villager (Male) |
| 17:30 | Build | Lumber Camp |
| 18:17 | Queue | Villager (Male) |
| 18:18 | Queue | Villager (Male) |
| 18:19 | Build | Farm |
| 18:20 | Build | Farm |
| 18:23 | Build | Farm |
| 18:36 | Queue | Villager (Male) |
| 18:39 | Queue | Archer |
| 18:39 | Queue | Archer |
| 18:39 | Queue | Archer |
| 18:43 | Build | Lumber Camp |
| 19:15 | Build | Farm |
| 19:16 | Build | Farm |
| 19:17 | Queue | Villager (Male) |
| 19:17 | Queue | Villager (Male) |
| 19:44 | Build | Farm |
| 19:52 | Queue | Archer |
| 19:56 | Queue | Villager (Male) |
| 20:18 | Build | Farm |
| 20:22 | Queue | Villager (Male) |
| 20:26 | Build | House |
| 20:26 | Build | House |
| 20:26 | Build | House |
| 20:26 | Build | House |
| 20:27 | Build | House |
| 20:28 | Build | House |
| 20:40 | Queue | Archer |
| 20:40 | Queue | Archer |
| 20:42 | Queue | Villager (Male) |
| 20:54 | Build | Market |
| 20:56 | Build | Lumber Camp |
| 21:28 | Build | Watch Tower |
| 21:31 | Queue | Villager (Male) |
| 21:33 | Build | Farm |
| 21:45 | Queue | Archer |
| 21:45 | Queue | Archer |
| 21:51 | Research | Gold Mining |
| 21:52 | Research | Stone Mining |
| 22:08 | Queue | Villager (Male) |
| 22:19 | Build | House |
| 22:41 | Build | Stone Wall |
| 22:42 | Build | Gate |
| 22:56 | Queue | Archer |
| 23:04 | Queue | Villager (Male) |
| 23:08 | Build | Farm |
| 23:13 | Queue | Archer |
| 23:19 | Build | House |
| 23:20 | Build | House |
| 23:20 | Build | House |
| 23:21 | Build | House |
| 23:21 | Build | House |
| 23:21 | Build | House |
| 23:21 | Build | House |
| 23:22 | Build | House |
| 23:22 | Build | House |
| 23:23 | Build | House |
| 23:25 | Queue | Villager (Male) |
| 23:27 | Queue | Archer |
| 23:27 | Queue | Archer |
| 23:55 | Build | Watch Tower |
| 24:16 | Build | Watch Tower |
Build order — Herby
138 actions detected in the replay
| 0:01 | Queue | Villager (Male) |
| 0:02 | Queue | Villager (Male) |
| 0:02 | Queue | Villager (Male) |
| 0:02 | Queue | Villager (Male) |
| 0:02 | Queue | Villager (Male) |
| 0:08 | Build | House |
| 0:12 | Build | House |
| 1:25 | Queue | Villager (Male) |
| 1:25 | Queue | Villager (Male) |
| 1:48 | Build | Lumber Camp |
| 2:02 | Research | Loom |
| 2:03 | Queue | Villager (Male) |
| 2:30 | Queue | Villager (Male) |
| 3:07 | Queue | Villager (Male) |
| 3:22 | Queue | Villager (Male) |
| 3:56 | Queue | Villager (Male) |
| 4:15 | Build | House |
| 4:16 | Build | House |
| 4:23 | Queue | Villager (Male) |
| 4:59 | Queue | Villager (Male) |
| 5:00 | Queue | Villager (Male) |
| 5:32 | Queue | Villager (Male) |
| 6:02 | Build | Dock |
| 6:06 | Queue | Villager (Male) |
| 6:24 | Queue | Villager (Male) |
| 6:39 | Queue | Fishing Ship |
| 6:49 | Queue | Villager (Male) |
| 7:13 | Queue | Villager (Male) |
| 7:23 | Queue | Fishing Ship |
| 7:28 | Build | House |
| 7:35 | Queue | Villager (Male) |
| 8:04 | Queue | Villager (Male) |
| 8:10 | Queue | Fishing Ship |
| 8:10 | Queue | Fishing Ship |
| 8:28 | Build | Mill |
| 8:40 | Queue | Villager (Male) |
| 9:05 | Queue | Villager (Male) |
| 9:13 | Queue | Villager (Male) |
| 9:24 | Queue | Villager (Male) |
| 9:57 | Build | House |
| 10:08 | Build | Mining Camp |
| 10:12 | Queue | Fishing Ship |
| 10:42 | Queue | Fishing Ship |
| 10:51 | Build | Mill |
| 10:55 | Queue | Villager (Male) |
| 10:58 | Research | Feudal Age |
| 11:23 | Queue | Fishing Ship |
| 11:28 | Build | House |
| 12:37 | Queue | Villager (Male) |
| 13:16 | Queue | Villager (Male) |
| 13:30 | Age | Feudal Age |
| 13:32 | Build | Market |
| 13:38 | Build | Blacksmith |
| 13:52 | Build | Fish Trap |
| 13:53 | Build | Fish Trap |
| 13:54 | Build | Fish Trap |
| 13:54 | Build | Fish Trap |
| 13:55 | Build | Fish Trap |
| 14:17 | Research | Castle Age |
| 14:29 | Build | Lumber Camp |
| 14:33 | Research | Double-Bit Axe |
| 15:29 | Research | Gold Mining |
| 15:46 | Build | Fish Trap |
| 15:46 | Build | Fish Trap |
| 15:47 | Build | Fish Trap |
| 15:48 | Build | Fish Trap |
| 15:49 | Build | Fish Trap |
| 15:56 | Build | Fish Trap |
| 16:42 | Build | Fish Trap |
| 16:51 | Queue | Villager (Male) |
| 17:00 | Age | Castle Age |
| 17:03 | Build | Siege Workshop |
| 17:11 | Research | Bow Saw |
| 17:16 | Build | House |
| 17:21 | Queue | Villager (Male) |
| 17:30 | Queue | Fishing Ship |
| 17:41 | Queue | Scorpion |
| 17:45 | Build | Siege Workshop |
| 17:48 | Queue | Scorpion |
| 17:53 | Queue | Villager (Male) |
| 18:18 | Queue | Battering Ram |
| 18:21 | Queue | Battering Ram |
| 18:25 | Build | House |
| 18:29 | Queue | Villager (Male) |
| 18:37 | Build | House |
| 18:39 | Queue | Villager (Male) |
| 19:05 | Queue | Scorpion |
| 19:12 | Queue | Villager (Male) |
| 19:30 | Queue | Scorpion |
| 19:30 | Queue | Scorpion |
| 20:05 | Queue | Scorpion |
| 20:06 | Queue | Scorpion |
| 20:30 | Queue | Scorpion |
| 20:30 | Queue | Scorpion |
| 20:40 | Queue | Scorpion |
| 20:42 | Queue | Villager (Male) |
| 20:53 | Queue | Villager (Male) |
| 21:10 | Queue | Villager (Male) |
| 21:18 | Build | House |
| 21:30 | Build | University |
| 21:33 | Queue | Fishing Ship |
| 21:33 | Queue | Fishing Ship |
| 21:38 | Build | House |
| 21:55 | Build | Siege Workshop |
| 21:59 | Queue | Villager (Male) |
| 22:31 | Queue | Scorpion |
| 22:31 | Queue | Scorpion |
| 23:00 | Build | House |
| 23:08 | Build | House |
| 23:17 | Queue | Battering Ram |
| 23:18 | Queue | Villager (Male) |
| 23:34 | Queue | Battering Ram |
| 23:35 | Queue | Villager (Male) |
| 23:48 | Queue | Scorpion |
| 23:59 | Research | Ballistics |
| 24:02 | Queue | Villager (Male) |
| 24:15 | Queue | Scorpion |
| 24:16 | Queue | Scorpion |
| 24:36 | Queue | Villager (Male) |
| 24:36 | Queue | Villager (Male) |
| 25:04 | Build | Siege Workshop |
| 25:24 | Build | Farm |
| 25:25 | Build | Farm |
| 25:25 | Build | Farm |
| 25:25 | Build | Farm |
| 25:29 | Research | Tech 906 |
| 25:29 | Queue | Fishing Ship |
| 25:29 | Queue | Fishing Ship |
| 25:32 | Build | Fish Trap |
| 25:33 | Build | Fish Trap |
| 25:33 | Build | Fish Trap |
| 25:33 | Build | Fish Trap |
| 25:57 | Queue | Scorpion ×5 |
| 26:34 | Queue | Battering Ram |
| 26:36 | Queue | Scorpion |
| 26:36 | Queue | Scorpion |
| 26:42 | Build | Siege Workshop |
| 27:25 | Queue | Scorpion ×5 |
Build order — 果酱汁鸡
First 150 of 198 actions detected
| 0:01 | Queue | Villager (Male) ×4 |
| 0:01 | Queue | Villager (Male) ×4 |
| 0:03 | Build | House |
| 0:05 | Build | House |
| 1:43 | Queue | Villager (Male) |
| 2:06 | Build | Lumber Camp |
| 2:16 | Queue | Villager (Male) ×2 |
| 2:50 | Queue | Villager (Male) |
| 3:21 | Queue | Villager (Male) |
| 3:35 | Build | House |
| 3:42 | Queue | Villager (Male) |
| 4:00 | Build | Mill |
| 4:29 | Queue | Villager (Male) ×2 |
| 5:21 | Build | House |
| 5:27 | Queue | Villager (Male) ×4 |
| 5:27 | Queue | Villager (Male) ×4 |
| 5:27 | Queue | Villager (Male) ×4 |
| 6:02 | Queue | Villager (Male) ×2 |
| 6:02 | Queue | Villager (Male) ×2 |
| 6:09 | Build | House |
| 6:57 | Build | Palisade Wall |
| 7:14 | Build | Mill |
| 7:21 | Queue | Villager (Male) |
| 7:26 | Queue | Villager (Male) |
| 7:55 | Build | Dock |
| 8:12 | Build | House |
| 8:15 | Build | House |
| 8:16 | Build | House |
| 8:16 | Build | House |
| 8:28 | Build | Mining Camp |
| 8:46 | Queue | Villager (Male) |
| 9:20 | Queue | Villager (Male) |
| 9:22 | Queue | Fishing Ship |
| 9:53 | Build | House |
| 9:58 | Build | House |
| 10:07 | Research | Feudal Age |
| 10:07 | Research | Feudal Age |
| 10:36 | Build | Barracks |
| 11:03 | Queue | Fishing Ship |
| 11:41 | Build | Lumber Camp |
| 11:43 | Queue | Fishing Ship |
| 11:49 | Build | House |
| 12:15 | Queue | Fishing Ship |
| 12:17 | Queue | Villager (Male) |
| 12:17 | Age | Feudal Age |
| 12:25 | Queue | Villager (Male) |
| 12:45 | Queue | Villager (Male) |
| 12:52 | Build | Stable |
| 13:12 | Queue | Villager (Male) |
| 13:29 | Build | Blacksmith |
| 13:58 | Build | House |
| 13:59 | Research | Castle Age |
| 13:59 | Research | Castle Age |
| 14:02 | Build | House |
| 14:02 | Build | House |
| 14:11 | Queue | Villager (Male) |
| 14:18 | Research | Bloodlines |
| 14:28 | Queue | Demolition Raft |
| 14:52 | Build | Fish Trap |
| 14:57 | Build | Dock |
| 15:21 | Queue | Villager (Male) |
| 15:24 | Build | House |
| 15:25 | Build | House |
| 15:25 | Build | House |
| 15:42 | Build | Fish Trap |
| 15:47 | Research | Double-Bit Axe |
| 15:48 | Research | Double-Bit Axe |
| 15:56 | Queue | Fishing Ship |
| 15:57 | Queue | Fishing Ship |
| 16:00 | Queue | Villager (Male) |
| 16:23 | Queue | Villager (Male) |
| 16:23 | Queue | Villager (Male) |
| 16:39 | Age | Castle Age |
| 16:46 | Build | Fish Trap |
| 16:56 | Build | Siege Workshop |
| 17:07 | Queue | Villager (Male) |
| 17:22 | Queue | Villager (Male) |
| 17:32 | Queue | Villager (Male) |
| 17:50 | Build | Town Center |
| 18:13 | Research | Bow Saw |
| 18:25 | Queue | Villager (Male) |
| 18:38 | Queue | Villager (Male) |
| 18:50 | Queue | Villager (Male) |
| 18:52 | Queue | Villager (Male) |
| 19:04 | Build | Town Center |
| 19:17 | Queue | Mangonel |
| 19:27 | Queue | Knight |
| 19:29 | Queue | Knight |
| 19:41 | Queue | Villager (Male) |
| 19:46 | Build | Town Center |
| 19:50 | Queue | Fishing Ship |
| 19:51 | Queue | Fishing Ship |
| 20:15 | Queue | Villager (Male) |
| 20:24 | Queue | Fishing Ship |
| 20:24 | Queue | Fishing Ship |
| 20:24 | Queue | Fishing Ship |
| 20:25 | Queue | Fishing Ship |
| 20:30 | Build | Fish Trap |
| 20:33 | Build | Fish Trap |
| 20:36 | Build | Fish Trap |
| 20:42 | Build | Fish Trap |
| 21:13 | Build | Farm |
| 21:13 | Build | Farm |
| 21:16 | Build | Farm |
| 21:17 | Build | Farm |
| 21:18 | Build | Farm |
| 21:20 | Build | Farm |
| 21:38 | Research | Horse Collar |
| 21:39 | Queue | Villager (Male) |
| 21:40 | Queue | Villager (Male) |
| 21:40 | Queue | Villager (Male) |
| 21:46 | Build | Farm |
| 21:46 | Build | Farm |
| 21:46 | Build | Farm |
| 21:46 | Build | Farm |
| 21:49 | Build | Farm |
| 22:00 | Build | Siege Workshop |
| 22:14 | Build | Farm |
| 22:15 | Build | Farm |
| 22:15 | Build | Farm |
| 22:23 | Queue | Knight |
| 22:24 | Queue | Knight |
| 22:43 | Queue | Knight |
| 22:51 | Build | Fish Trap |
| 22:52 | Build | Fish Trap |
| 22:54 | Build | Fish Trap |
| 22:56 | Build | Fish Trap |
| 22:58 | Queue | Villager (Male) |
| 22:59 | Queue | Villager (Male) |
| 22:59 | Queue | Villager (Male) |
| 23:05 | Build | House |
| 23:07 | Queue | Villager (Male) |
| 23:08 | Queue | Villager (Male) |
| 23:12 | Queue | Camel Scout |
| 23:18 | Queue | Mangonel |
| 23:19 | Queue | Villager (Male) |
| 23:19 | Queue | Villager (Male) |
| 23:20 | Queue | Villager (Male) |
| 23:20 | Queue | Villager (Male) |
| 23:25 | Build | Farm |
| 23:27 | Build | Farm |
| 23:34 | Build | Farm |
| 23:37 | Queue | Villager (Male) |
| 23:44 | Queue | Camel Scout |
| 23:46 | Build | Farm |
| 23:49 | Build | House |
| 23:52 | Research | Tech 906 |
| 24:00 | Queue | Camel Scout |
| 24:16 | Queue | Camel Scout |
| 24:16 | Queue | Villager (Male) |
Build order — Menti Mentas
124 actions detected in the replay
| 0:03 | Build | House |
| 0:04 | Queue | Villager (Male) |
| 0:04 | Queue | Villager (Male) |
| 0:04 | Queue | Villager (Male) |
| 0:05 | Build | House |
| 0:23 | Research | Loom |
| 0:39 | Build | Palisade Wall |
| 0:52 | Build | Palisade Wall |
| 1:09 | Queue | Villager (Male) |
| 1:10 | Queue | Villager (Male) |
| 1:10 | Queue | Villager (Male) |
| 1:10 | Queue | Villager (Male) |
| 2:03 | Build | Palisade Wall |
| 2:19 | Build | House |
| 2:23 | Build | House |
| 2:55 | Build | Palisade Wall |
| 3:07 | Build | Palisade Wall |
| 3:36 | Build | Palisade Wall |
| 3:45 | Build | Palisade Wall |
| 3:46 | Build | Palisade Wall |
| 4:40 | Queue | Villager (Male) |
| 4:40 | Queue | Villager (Male) |
| 5:11 | Queue | Villager (Male) |
| 5:12 | Queue | Villager (Male) |
| 5:57 | Build | House |
| 5:59 | Queue | Villager (Male) |
| 5:59 | Queue | Villager (Male) |
| 6:38 | Queue | Villager (Male) |
| 6:38 | Queue | Villager (Male) |
| 7:11 | Queue | Villager (Male) |
| 7:11 | Queue | Villager (Male) |
| 7:41 | Queue | Villager (Male) |
| 7:42 | Queue | Villager (Male) |
| 8:17 | Queue | Villager (Male) |
| 8:17 | Queue | Villager (Male) |
| 8:21 | Build | Palisade Wall |
| 8:44 | Queue | Villager (Male) |
| 8:44 | Queue | Villager (Male) |
| 8:44 | Queue | Villager (Male) |
| 8:50 | Queue | Villager (Male) |
| 8:50 | Queue | Villager (Male) |
| 9:04 | Build | Palisade Wall |
| 9:09 | Build | Palisade Wall |
| 9:17 | Queue | Villager (Male) |
| 9:35 | Queue | Villager (Male) |
| 9:36 | Queue | Villager (Male) |
| 9:39 | Queue | Villager (Male) |
| 9:39 | Queue | Villager (Male) |
| 9:54 | Build | Outpost |
| 10:01 | Build | House |
| 10:05 | Queue | Villager (Male) |
| 10:06 | Queue | Villager (Male) |
| 10:07 | Queue | Villager (Male) |
| 10:07 | Queue | Villager (Male) |
| 10:29 | Build | Lumber Camp |
| 10:48 | Queue | Villager (Male) |
| 10:48 | Queue | Villager (Male) |
| 11:19 | Build | Palisade Wall |
| 11:57 | Build | Mill |
| 11:59 | Research | Feudal Age |
| 11:59 | Research | Feudal Age |
| 12:52 | Build | Palisade Wall |
| 13:15 | Build | Palisade Wall |
| 14:09 | Age | Feudal Age |
| 14:12 | Build | Stone Wall |
| 14:19 | Queue | Villager (Male) |
| 14:24 | Build | Stone Wall |
| 14:32 | Build | Stone Wall |
| 14:43 | Queue | Villager (Male) |
| 14:47 | Build | Mining Camp |
| 15:13 | Build | Stone Wall |
| 15:18 | Build | Stone Wall |
| 15:41 | Queue | Villager (Male) |
| 15:41 | Queue | Villager (Male) |
| 15:57 | Build | Watch Tower |
| 16:06 | Queue | Villager (Male) |
| 16:32 | Build | Market |
| 17:03 | Build | House |
| 17:30 | Build | House |
| 17:53 | Queue | Villager (Male) |
| 18:21 | Build | Farm |
| 18:48 | Research | Castle Age |
| 18:48 | Research | Castle Age |
| 20:17 | Build | Stable |
| 20:32 | Build | Farm |
| 20:34 | Build | Farm |
| 20:36 | Build | Farm |
| 20:52 | Build | House |
| 21:04 | Research | Double-Bit Axe |
| 21:05 | Research | Double-Bit Axe |
| 21:09 | Research | Bloodlines |
| 21:28 | Age | Castle Age |
| 21:33 | Queue | Knight |
| 21:46 | Build | Stable |
| 22:12 | Build | Outpost |
| 22:15 | Queue | Villager (Male) |
| 22:19 | Build | Farm |
| 22:52 | Queue | Knight |
| 23:06 | Queue | Knight |
| 23:06 | Queue | Knight |
| 23:06 | Queue | Knight |
| 23:20 | Build | Monastery |
| 23:35 | Queue | Knight |
| 23:35 | Queue | Knight |
| 23:35 | Queue | Knight |
| 23:52 | Build | Blacksmith |
| 24:18 | Queue | Knight |
| 24:18 | Queue | Knight |
| 24:44 | Build | Outpost |
| 24:45 | Research | Town Watch |
| 24:45 | Research | Town Watch |
| 25:28 | Queue | Knight |
| 25:31 | Queue | Monk |
| 25:46 | Build | Stable |
| 26:30 | Queue | Knight |
| 26:30 | Queue | Knight |
| 26:32 | Queue | Scout Cavalry |
| 26:49 | Queue | Knight |
| 26:51 | Queue | Villager (Male) |
| 26:51 | Queue | Villager (Male) |
| 26:52 | Build | Farm |
| 26:54 | Build | Farm |
| 26:55 | Build | Farm |
| 26:55 | Build | Farm |
Match timeline
| 0:39 | Menti Mentas · wall_segment Palisade Wall x13 |
| 0:52 | Menti Mentas · wall_segment Palisade Wall x12 |
| 1:56 | Rookie · wall_segment Palisade Wall x11 |
| 2:03 | Menti Mentas · wall_segment Palisade Wall x12 |
| 2:06 | freedom is not free · wall_segment Palisade Wall x10 |
| 2:55 | Menti Mentas · wall_segment Palisade Wall x18 |
| 3:07 | Menti Mentas · wall_segment Palisade Wall x1 |
| 3:36 | Menti Mentas · wall_segment Palisade Wall x2 |
| 3:45 | Menti Mentas · wall_segment Palisade Wall x2 |
| 3:46 | Menti Mentas · wall_segment Palisade Wall x8 |
| 5:28 | freedom is not free · wall_segment Palisade Wall x11 |
| 6:02 | Herby · first_building Dock |
| 6:10 | busy pushing deer · first_building Barracks |
| 6:17 | goldenseed · first_building Dock |
| 6:57 | 果酱汁鸡 · wall_segment Palisade Wall x8 |
| 7:03 | Rookie · first_building Barracks |
| 7:35 | freedom is not free · wall_segment Palisade Wall x9 |
| 7:55 | 果酱汁鸡 · first_building Dock |
| 8:21 | Menti Mentas · wall_segment Palisade Wall x13 |
| 8:54 | freedom is not free · wall_segment Palisade Wall x4 |
| 8:57 | freedom is not free · wall_segment Palisade Wall x5 |
| 9:04 | Menti Mentas · wall_segment Palisade Wall x1 |
| 9:09 | Menti Mentas · wall_segment Palisade Wall x12 |
| 9:50 | Rookie · first_building Dock |
| 10:20 | busy pushing deer · age_up feudal |
| 10:22 | busy pushing deer · first_building Archery Range |
| 10:36 | 果酱汁鸡 · first_building Barracks |
| 10:49 | freedom is not free · wall_segment Palisade Wall x10 |
| 10:58 | Schafzuchter · age_up feudal |
| 11:19 | Menti Mentas · wall_segment Palisade Wall x3 |
| 11:43 | freedom is not free · age_up feudal |
| 11:56 | freedom is not free · wall_segment Stone Wall x10 |
| 12:00 | Schafzuchter · first_market_sell 100 food |
| 12:07 | freedom is not free · wall_segment Stone Wall x9 |
| 12:14 | Rookie · age_up feudal |
| 12:14 | goldenseed · age_up feudal |
| 12:17 | 果酱汁鸡 · age_up feudal |
| 12:41 | Rookie · first_building Archery Range |
| 12:52 | 果酱汁鸡 · first_building Stable |
| 12:52 | Menti Mentas · wall_segment Palisade Wall x2 |
| 12:56 | freedom is not free · wall_segment Stone Wall x6 |
| 13:15 | Menti Mentas · wall_segment Palisade Wall x1 |
| 13:30 | Herby · age_up feudal |
| 14:09 | Menti Mentas · age_up feudal |
| 14:12 | Menti Mentas · wall_segment Stone Wall x13 |
| 14:15 | freedom is not free · wall_segment Stone Wall x5 |
| 14:24 | Menti Mentas · wall_segment Stone Wall x18 |
| 14:30 | goldenseed · first_building Barracks |
| 14:32 | Menti Mentas · wall_segment Stone Wall x11 |
| 14:43 | Schafzuchter · age_up castle |
| 15:10 | goldenseed · first_building Stable |
| 15:13 | Menti Mentas · wall_segment Stone Wall x1 |
| 15:18 | Menti Mentas · wall_segment Stone Wall x1 |
| 15:25 | Herby · tribute_sent a jugador 1 |
| 15:25 | Herby · tribute_sent a jugador 2 |
| 15:25 | Herby · tribute_sent a jugador 3 |
| 15:25 | Herby · tribute_sent a jugador 4 |
| 15:25 | Herby · tribute_sent a jugador 5 |
| 15:25 | Herby · tribute_sent a jugador 7 |
| 15:25 | Herby · tribute_sent a jugador 8 |
| 15:31 | busy pushing deer · wall_segment Stone Wall x5 |
| 15:48 | goldenseed · age_up castle |
| 16:13 | goldenseed · first_building Monastery |
| 16:17 | busy pushing deer · wall_segment Stone Wall x5 |
| 16:20 | busy pushing deer · wall_segment Stone Wall x4 |
| 16:29 | Schafzuchter · first_market_buy 100 food |
| 16:39 | 果酱汁鸡 · age_up castle |
| 16:56 | 果酱汁鸡 · first_building Siege Workshop |
| 17:00 | Herby · age_up castle |
| 17:03 | Herby · first_building Siege Workshop |
| 20:09 | goldenseed · first_market_buy 100 wood |
| 20:17 | Menti Mentas · first_building Stable |
| 20:23 | Schafzuchter · first_building Castle |
| 20:43 | Rookie · first_market_sell 500 wood |
| 20:44 | Rookie · first_market_buy 100 food |
| 20:55 | Menti Mentas · first_market_buy 100 food |
| 21:28 | Menti Mentas · age_up castle |
| 22:08 | goldenseed · first_building Siege Workshop |
| 22:41 | busy pushing deer · wall_segment Stone Wall x9 |
| 23:20 | Menti Mentas · first_building Monastery |
| 23:29 | Rookie · age_up castle |
| 23:34 | Rookie · first_building Monastery |
| 25:02 | freedom is not free · age_up castle |
| 25:49 | Menti Mentas · first_market_sell 100 wood |
| 26:08 | Schafzuchter · first_building Barracks |
| 26:25 | busy pushing deer · first_market_sell 100 wood |
| 26:54 | busy pushing deer · wall_segment Stone Wall x10 |
| 27:00 | Rookie · resign |
| 27:14 | Schafzuchter · age_up imperial |
[ AI ANALYSIS · 1 CREDIT ]
What really happened in this match?
Wolo.gg analyzes every decision: build order, eco, micro, common mistakes by bracket. Personalized analysis on WhatsApp or Discord in 30 seconds.
Civ guide
Byzantines
Perfil
Jugador #311621